AoeStats
← Comend x comend

Arena

508779729Analyzed
4v4 RM · 8d ago on Sep 24, 2026· 48m 0s· 8 players
Game mode
Random Map
Map size
Large (8 player)
Population
200
Speed
Normal
Resources
Standard
Victory
Conquest
Starting age
Dark Age
Ending age
Imperial Age
RankedLock teamsTeams togetherTeam positionsShared explorationLock speedFull tech treeHidden civsTurbo modeCheats
Victory
Defeat
🇵🇪 Bohemians · Peru
1436
+11
🇵🇪 Varangians · Peru
1369
+13
🇦🇷 Poles · Argentina
1322
+15
🇵🇪 Turks · Peru
1314
+15
🇺🇸 Italians · United States
1364
-16
🇯🇵 Britons · Japan
1299
-13
🇺🇸 Varangians · United States
1296
-13
🇦🇷 Tupi · Argentina
1263
-12
kalioglu
11:03 Feudal Age
12:12 Double-Bit Axe
14:37 Castle Age
18:19 Loom
22:15 Bloodlines
22:55 Scale Barding Armor
26:54 Horse Collar
29:18 Bow Saw
32:54 Imperial Age
30:33 Heavy Plow
30:27 Gold Mining
30:45 Squires
30:30 Arson
31:38 Wheelbarrow
31:41 Scale Mail Armor
32:14 Forging
32:45 Chain Mail Armor
34:11 Plate Mail Armor
34:40 Iron Casting
33:38 Gothikon
35:26 Crop Rotation
35:24 Hand Cart
34:55 Town Watch
35:46 Elite Varangian Guard
38:29 Blast Furnace
39:51 Gambesons
40:15 Stone Mining
42:05 Conscription
43:11 Two-Man Saw
BRAHN
10:59 Feudal Age
14:56 Castle Age
12:48 Double-Bit Axe
13:06 Horse Collar
16:03 Bow Saw
15:54 Heavy Plow
17:23 Chemistry
23:10 Padded Archer Armor
26:48 Imperial Age
25:34 Elite Skirmisher
27:13 Wheelbarrow
28:49 Fletching
29:14 Leather Archer Armor
30:50 Two-Man Saw
30:39 Bodkin Arrow
31:14 Ring Archer Armor
33:05 Squires
33:06 Scale Mail Armor
33:16 Forging
33:07 Bracer
34:04 Hand Cart
34:21 Forging
35:12 Ballistics
34:49 Pikeman
35:45 Chain Mail Armor
41:42 Wagenburg Tactics
41:57 Conscription
42:43 Iron Casting
42:51 Halberdier
44:02 Plate Mail Armor
48:40 Blast Furnace
48:46 Bombard Tower
Comend x comend
12:44 Feudal Age
16:26 Castle Age
20:59 Imperial Age
31:47 Gold Mining
31:52 Double-Bit Axe
32:56 Horse Collar
33:29 Bow Saw
34:08 Wheelbarrow
34:05 Loom
34:41 Padded Archer Armor
34:32 Fletching
36:26 Fortified Wall
41:21 Fervor
41:31 Thumb Ring
41:54 Ballistics
42:09 Leather Archer Armor
44:08 Parthian Tactics
45:22 Sipahi
45:19 Heavy Cavalry Archer
ValkriaN
10:52 Feudal Age
12:35 Double-Bit Axe
15:06 Castle Age
13:23 Horse Collar
16:44 Bow Saw
18:09 Loom
20:16 Heavy Plow
21:35 Gold Mining
23:03 Stone Mining
24:21 Wheelbarrow
24:27 Wheelbarrow
27:17 Imperial Age
24:29 Treadmill Crane
25:00 Forging
27:11 Scale Barding Armor
27:18 Bloodlines
27:08 Husbandry
28:03 Iron Casting
27:36 Szlachta Privileges
28:29 Chain Barding Armor
27:37 Cavalier
28:39 Conscription
30:07 Blast Furnace
29:27 Hand Cart
32:22 Chemistry
33:12 Light Cavalry
34:47 Winged Hussar
34:52 Elite Obuch
35:56 Lechitic Legacy
36:37 Scale Mail Armor
38:51 Elite Obuch
40:32 Ballistics
41:14 Crop Rotation
41:18 Chain Mail Armor
41:41 Hoardings
41:48 Squires
41:34 Arson
43:07 Plate Mail Armor
47:22 Fletching
47:32 Padded Archer Armor
jules
7:13 Loom
10:11 Feudal Age
10:16 Feudal Age
14:18 Castle Age
12:43 Double-Bit Axe
14:45 Horse Collar
18:59 Fletching
20:49 Fortified Wall
21:13 Bow Saw
21:54 Bodkin Arrow
23:07 Padded Archer Armor
26:05 Leather Archer Armor
26:30 Ballistics
26:21 Masonry
31:59 Imperial Age
32:55 Wheelbarrow
32:33 Heavy Plow
34:04 Chemistry
33:42 Bracer
34:31 Capped Ram
37:03 Thumb Ring
38:55 Elite Genoese Crossbowman
39:47 Stone Mining
39:48 Gold Mining
39:48 Crossbowman
41:11 Crop Rotation
41:43 Two-Man Saw
40:27 Arbalester
41:54 Hand Cart
43:32 Murder Holes
45:20 Ring Archer Armor
45:20 Pirotechnia
Eight
11:30 Feudal Age
14:59 Castle Age
13:00 Double-Bit Axe
13:28 Horse Collar
15:35 Loom
16:15 Bow Saw
16:10 Heavy Plow
20:05 Scale Barding Armor
20:44 Bloodlines
22:15 Husbandry
22:33 Forging
25:14 Wheelbarrow
25:15 Chain Barding Armor
26:44 Iron Casting
27:43 Vendel Legacy
34:41 Imperial Age
32:28 Hand Cart
34:45 Cavalier
36:03 Plate Barding Armor
36:29 Blast Furnace
38:14 Gold Mining
41:19 Blast Furnace
40:54 Conscription
[GdSur] Mate_Amargo
2:10 Loom
10:57 Feudal Age
14:45 Castle Age
13:05 Double-Bit Axe
14:03 Horse Collar
14:34 Stone Mining
16:04 Bow Saw
22:06 Elite Skirmisher
22:48 Fletching
23:58 Bodkin Arrow
26:30 Loom
29:03 Town Watch
29:54 Wheelbarrow
32:40 Imperial Age
31:06 Padded Archer Armor
32:00 Hand Cart
32:45 Leather Archer Armor
32:32 Scale Mail Armor
32:42 Forging
31:54 Pikeman
32:35 Squires
33:15 Leather Archer Armor
32:45 Halberdier
34:49 Chain Mail Armor
35:25 Iron Casting
35:42 Conscription
38:30 Heavy Plow
39:31 Two-Man Saw
40:17 Gold Mining
43:55 Town Patrol
43:58 Bracer
44:10 Arson
45:52 Elite Blackwood Archer
47:02 Elite Ibirapema Warrior
48:28 Plate Mail Armor
sada-aki
6:57 Loom
10:47 Feudal Age
11:31 Double-Bit Axe
11:28 Horse Collar
15:56 Castle Age
16:50 Bow Saw
22:06 Gold Mining
22:43 Crossbowman
30:26 Imperial Age
28:28 Fletching
28:39 Padded Archer Armor
29:04 Ballistics
28:25 Treadmill Crane
29:15 Bodkin Arrow
30:07 Wheelbarrow
31:09 Bracer
32:17 Chemistry
30:57 Arbalester
33:38 Leather Archer Armor
34:56 Ring Archer Armor
34:58 Fortified Wall
38:55 Yeomen
39:16 Hand Cart
41:59 Coinage
Connection lost

Rejoining the realm…

Still unreachable

The connection could not be restored.

Session expired

The server has moved on; the page needs a fresh start.